 Dungeon Crawl Stone Soup version 0.17-a0-1397-g0eee0a3 (webtiles) character file.

249 BeowulfAlex the Chopper (level 6, 0/53 HPs)
             Began as a Hill Orc Fighter on June 17, 2015.
             Was an Initiate of Trog.
             Slain by a worker ant (3 damage)
             ... while paralysed by Grinder
             ... on level 5 of the Dungeon.
             The game lasted 00:12:04 (2748 turns).

BeowulfAlex the Chopper (Hill Orc Fighter)          Turns: 2748, Time: 00:12:04

Health: 0/53       AC:  8    Str: 34    XL:     6   Next: 12%
Magic:  6/6        EV:  2    Int:  8    God:    Trog [......]
Gold:   121        SH:  0    Dex: 11    Spells: 0 memorised, 5 levels left

rFire  . . .     SeeInvis .     a - +0 war axe
rCold  . . .     Clarity  .     b - +0 scale mail
rNeg   . . .     SustAt   .     c - +0 shield
rPois  .         Gourm    .     (no helmet)
rElec  .         Spirit   .     t - +0 cloak
rCorr  .         Warding  .     (no gloves)
rMut   .         Stasis   .     (no boots)
MR     .....                    (no amulet)
Stlth  ..........               f - +4 ring of strength
                                s - +5 ring of strength

@: paralysed, mighty, lethally poisoned (0 -> -2), not resistant to hostile
enchantments, extremely unstealthy
A: no striking features
a: Burn Spellbooks, Renounce Religion


You were on level 5 of the Dungeon.
You worshipped Trog.
Trog was noncommittal.
You were not hungry.

You visited 1 branch of the dungeon, and saw 5 of its levels.

You collected 121 gold pieces.

Inventory:

Hand weapons
 a - a +0 war axe (weapon)
Missiles
 g - 169 stones (quivered)
Armour
 b - a +0 scale mail (worn)
 c - a +0 shield (worn)
 t - a +0 cloak (worn)
Jewellery
 f - a +4 ring of strength (right hand)
 j - an uncursed ring of protection from fire
 s - a +5 ring of strength (left hand)
Magical devices
 x - a wand of slowing (27)
Scrolls
 h - 3 scrolls of identify {unknown}
 p - 2 scrolls of enchant armour {unknown}
 q - 2 scrolls of remove curse {unknown}
 u - a scroll of blinking {unknown}
 w - a scroll of recharging {unknown}
 y - a scroll of enchant weapon {unknown}
Potions
 d - a potion of ambrosia {unknown}
 i - a potion of degeneration {unknown}
 k - 2 potions of lignification {unknown}
 l - a potion of beneficial mutation {unknown}
 m - 2 potions of heal wounds {unknown}
 n - a potion of resistance {unknown}
 o - 3 potions of curing {unknown}
 r - 3 potions of haste
Comestibles
 e - 3 bread rations
 v - 3 chunks of flesh
 z - 4 fruits


   Skills:
 + Level 4.6 Fighting
 * Level 4.9 Axes
 + Level 1.6 Throwing
 + Level 4.1 Armour
 + Level 1.5 Dodging
 + Level 4.0 Shields
 + Level 0.6 Evocations


You had 5 spell levels left.
You didn't know any spells.

Dungeon Overview and Level Annotations

Branches:
Dungeon (5/15)
 Temple: D:4-7

Altars:
Kikubaaqudgha
Okawaru
Trog
Vehumet

Annotations:
D:5 Grinder


Message History

The worker ant poisons you!
The worker ant bites you but does no damage.
Grinder gestures at you. Pain shoots through your body!
You feel sick. The goblin hits you but does no damage.
The worker ant bites you but does no damage. x2
The goblin hits you but does no damage. Grinder hits you.
You writhe in agony.
The worker ant bites you.
* * * LOW HITPOINT WARNING * * *
The goblin hits you but does no damage.
The worker ant bites you but does no damage.
Grinder hits you.
* * * LOW HITPOINT WARNING * * *
You writhe in agony. x2
The worker ant bites you.
* * * LOW HITPOINT WARNING * * *
You feel sick. The goblin hits you.
* * * LOW HITPOINT WARNING * * *
The worker ant bites you.
You die...

###########
$.....5...#
......a@..#
......ga<.#
...$....!...#
............#
...........##
..........##
..........#
......#####
.....


You could see Grinder, 2 worker ants and a goblin.

Vanquished Creatures
  An ogre (D:4)
  Crazy Yiuf (D:2)
  7 adders
  5 worms
  3 giant geckos
  An orc (D:3)
  5 bats
  3 giant cockroaches
  5 goblins
  8 hobgoblins
  5 jackals (D:1)
  2 quokkas
  4 giant newts
  5 kobolds
  10 rats
65 creatures vanquished.

Notes
Turn   | Place    | Note
--------------------------------------------------------------
     0 | D:1      | BeowulfAlex the Hill Orc Fighter began the quest for the Orb.
     0 | D:1      | Reached XP level 1. HP: 19/19 MP: 1/1
    86 | D:1      | Reached XP level 2. HP: 19/26 MP: 2/2
   587 | D:1      | Reached XP level 3. HP: 33/33 MP: 3/3
   875 | D:2      | Reached skill level 1 in Dodging
  1101 | D:2      | Reached skill level 4 in Fighting
  1195 | D:2      | Reached skill level 1 in Throwing
  1195 | D:2      | Reached XP level 4. HP: 40/40 MP: 4/4
  1212 | D:2      | Found a faded altar to an unknown god.
  1389 | D:2      | Noticed Crazy Yiuf
  1399 | D:2      | Killed Crazy Yiuf
  1896 | D:3      | Reached XP level 5. HP: 43/46 MP: 5/5
  2057 | D:3      | Found a bloodstained altar of Trog.
  2064 | D:3      | Became a worshipper of Trog the Wrathful
  2109 | D:3      | Found an ancient bone altar of Kikubaaqudgha.
  2359 | D:3      | Found an iron altar of Okawaru.
  2361 | D:3      | Found a radiant altar of Vehumet.
  2564 | D:5      | Entered Level 5 of the Dungeon
  2702 | D:4      | Noticed an ogre
  2714 | D:4      | Killed an ogre
  2714 | D:4      | Reached XP level 6. HP: 53/53 MP: 6/6
  2739 | D:5      | Noticed Grinder
  2744 | D:5      | Paralysed by Grinder for 6 turns
  2748 | D:5      | Slain by a worker ant

Vault maps used:
D:1:      saegor_arrival_simple_a
D:2:      ecumenical_altar_1, first_bread, uniq_crazy_yiuf_cottage
D:3:      lemuel_doored_altar, minitemple, minivault_14,
          hangedman_decor_clover_reticule, moated_statue,
          trog_three_pillars_becter
D:4:      kennysheep_goblin_castle, lightli_temple_of_fire,
          roderic_greek_sauvastika
D:5:      corexii_hall_statues_i, uniq_grinder

Action                   |  1- 3 |  4- 6 || total
-------------------------+-------+-------++-------
Melee: War axe           |    75 |    67 ||   142
Throw: Stone             |    67 |    65 ||   132
  Use: Potion            |       |     1 ||     1
  Eat: Chunk             |     1 |     6 ||     7
